 Dungeon Crawl Stone Soup version 0.31-a0-1029-ge8c24b2130 (webtiles) character file.

Game seed: 12006517272972678451

474 Anon1729 the Trooper (level 6, -4/57 HPs)
             Began as a Minotaur Monk on Nov 18, 2023.
             Slain by a wyvern (10 damage)
             ... on level 4 of the Dungeon.
             The game lasted 00:01:35 (2222 turns).

Anon1729 the Trooper (Minotaur Monk)                Turns: 2222, Time: 00:01:35

Health: -4/57      AC:  6    Str: 17    XL:     6   Next: 84%
Magic:  5/5        EV: 11    Int:  7    God:
Gold:   166        SH:  0    Dex: 13    Spells: 5/5 levels left

rFire   . . .        a - +0 hand axe
rCold   . . .        d - orb {light}
rNeg    . . .        f - +0 scale mail
rPois   .            (helmet restricted)
rElec   .            (no cloak)
rCorr   .            (no gloves)
SInv    .            (no boots)
Will    .....        (no amulet) Stlth
                     (no ring)
HPRegen 0.29/turn    (no ring)
MPRegen 0.09/turn

%: no passive effects
@: glowing
A: horns 2, retaliatory headbutt
a: no special abilities


You were on level 4 of the Dungeon.
You visited 1 branch of the dungeon, and saw 4 of its levels.

You collected 166 gold pieces.

Inventory:

Hand Weapons
 a - a +0 hand axe (weapon)
Armour
 b - a +0 robe
 d - an orb of light (worn)
 f - a +0 scale mail (worn)
Scrolls
 c - 2 scrolls of blinking {unknown}
 e - 3 scrolls of identify {unknown}
 g - a scroll of enchant armour {unknown}
 h - 2 scrolls of amnesia {unknown}
 j - a scroll of immolation {unknown}
 l - a scroll of torment {unknown}
Potions
 i - a potion of degeneration {unknown}
 k - a potion of berserk rage {unknown}
 m - a potion of heal wounds


   Skills:
 + Level 5.7 Fighting
 + Level 5.7 Axes
 + Level 3.5 Armour
 + Level 5.1 Dodging


You had 5 spell levels left.
You didn't know any spells.
Your spell library contained the following spells:

 Spells                   Type           Power      Damage    Failure   Level
 Ensorcelled Hibernation  Hex/Ice        0%         N/A       92%         2
 Jinxbite                 Hex            0%         N/A       92%         2
 Poisonous Vapours        Pois/Air       0%         N/A       92%         2
 Mephitic Cloud           Conj/Pois/Air  0%         N/A       99%         3
 Anguish                  Hex/Necr       0%         N/A       100%        4
 Freezing Cloud           Conj/Ice/Air   0%         6-21      100%        5


Dungeon Overview and Level Annotations

Branches:
Dungeon (4/15)
 Temple: D:4-7

Altars:


Innate Abilities, Weirdness & Mutations

You have a pair of horns on your head.
You reflexively headbutt those who attack you in melee.


Message History

The wyvern is moderately wounded.
The wyvern closely misses you. The wyvern bites you!
You slash the wyvern!
The wyvern is heavily wounded.
The wyvern hisses menacingly.
The wyvern closely misses you.
You hit the wyvern. Your headbutt misses the wyvern.
The wyvern is severely wounded.
The wyvern barely misses you. The wyvern bites you!
* * * LOW HITPOINT WARNING * * *
You hit the wyvern.
You headbutt the wyvern, but do no damage.
The wyvern is severely wounded.
The wyvern closely misses you. The wyvern bites you.
* * * LOW HITPOINT WARNING * * *
You hit the wyvern.
The wyvern is severely wounded.
The wyvern bites you.
* * * LOW HITPOINT WARNING * * *
You barely miss the wyvern.
The wyvern is severely wounded.
The wyvern misses you. You furiously retaliate!
You headbutt the wyvern, but do no damage.
The wyvern bites you but does no damage.
You hit the wyvern.
The wyvern is severely wounded.
The wyvern bites you.
* * * LOW HITPOINT WARNING * * *
You feel much better. The wyvern closely misses you. The wyvern bites you!
* * * LOW HITPOINT WARNING * * *
You hit the wyvern but do no damage. You headbutt the wyvern.
The wyvern is almost dead.
The wyvern bites you but does no damage.
You hit the wyvern.
You headbutt the wyvern, but do no damage.
The wyvern is almost dead.
The wyvern bites you!
* * * LOW HITPOINT WARNING * * *
The wyvern bites you!
You die...

### ###.
.........
....######...
.........
...........##
.........
........#####
........#
....###...# #
......... ..
..####.##.
........# ...
#.... .......l#
#.##....
[...[..@##
#>.#.##.
.........#
#......
.#######.#####
###.### #.....#
#.#
######.#######.#
#............#<#
#.##########...#
#.# #..### ##.#
###.>..##


You could see a wyvern.

Vanquished Creatures
  Grinder (D:3)
  A black bear (D:4)
  A scorpion (D:4)
  A hound (D:4)
  An orc priest (D:3)
  2 adders
  3 worms
  4 dart slugs
  4 orcs
  5 ball pythons
  2 endoplasms
  A giant cockroach (D:2)
  3 goblins
  2 hobgoblins (D:2)
  3 jackals (D:4)
  2 quokkas (D:3)
  2 bats
  2 frilled lizards
  6 kobolds
46 creatures vanquished.

Notes
Turn   | Place    | Note
-------+----------+-------------------------------------------
     0 | D:1      | Anon1729 the Minotaur Monk began the quest for the Orb.
     0 | D:1      | Reached XP level 1. HP: 19/19 MP: 0/0
   136 | D:1      | You fall into a shaft and drop 1 floor!
   213 | D:2      | Reached XP level 2. HP: 15/27 MP: 1/1
   425 | D:2      | Reached XP level 3. HP: 13/33 MP: 2/2
   820 | D:3      | Noticed Grinder
   840 | D:3      | Killed Grinder
   841 | D:3      | Reached skill level 5 in Fighting
   841 | D:3      | Reached skill level 5 in Axes
   841 | D:3      | Reached XP level 4. HP: 15/42 MP: 3/3
   841 | D:3      | Reached XP level 5. HP: 17/48 MP: 4/4
  1558 | D:3      | Reached XP level 6. HP: 46/56 MP: 5/5
  1965 | D:4      | Reached skill level 5 in Dodging
  2206 | D:4      | Noticed a wyvern
  2222 | D:4      | Slain by a wyvern

Illustrated notes

Levels and vault maps discovered:
D:1:      shiori_shiawase, layout_rooms
D:2:      layout_rooms
D:3:      layout_basic, minmay_quantized, uniq_grinder
D:4:      minmay_goblin_kobold_castle, layout_rooms, chequers_ossuary_entry_cave

Skill      XL: |  1  2  3  4  5  6 |
---------------+-------------------+-----
Fighting       | 4 5 |  5.7
Axes           | 4 5 |  5.7
Armour         | 2 3 |  3.5
Dodging        | 4 5 |  5.1

Action                     |  1- 3 |  4- 6 || total
---------------------------+-------+-------++-------
  Melee: Hand axe          |    47 |    72 ||   119
         Headbutt          |    10 |    18 ||    28
    Use: Potion            |     3 |     1 ||     4
 Armour: Robe              |    33 |    18 ||    51
         Scale mail        |       |    34 ||    34
  Dodge: Dodged            |    30 |    45 ||    75

Table legend: (Time is in decaauts)
 A = Elapsed time spent in this place.
 B = Non-inter-level travel time spent in this place.
 C = Inter-level travel time spent in this place.
 D = Time resting spent in this place.
 E = Time spent auto-exploring this place.
 F = Levels seen in this place.
 G = Mean time per level.
                   A        B        C        D        E       F      G
               +--------+--------+--------+--------+--------+-----+--------+
         Total |   2229 |   2018 |    211 |    133 |   1564 |   4 |  557.2 |
       Dungeon |   2229 |   2018 |    211 |    133 |   1564 |   4 |  557.2 |
               +--------+--------+--------+--------+--------+-----+--------+

Top non-repeatable levels by time:
     D:3: 1013 daAuts
     D:2: 804 daAuts
     D:4: 274 daAuts
     D:1: 136 daAuts
